 Dungeon Crawl Stone Soup version 0.27.1 (webtiles) character file.

Game seed: 18394615354101940025

756 Naeght the Cleaver (level 7, 0/60 HPs)
             Began as a Minotaur Fighter on Sept 3, 2021.
             Was a Follower of Okawaru.
             Slain by a killer bee (7 damage)
             ... on level 5 of the Dungeon.
             The game lasted 00:07:18 (4444 turns).

Naeght the Cleaver (Minotaur Fighter)               Turns: 4444, Time: 00:07:19

Health: 0/60       AC:  4    Str: 22    XL:     7   Next: 50%
Magic:  7/7        EV:  8    Int:  5    God:    Okawaru [*.....]
Gold:   93         SH:  9    Dex: 10    Spells: 6/6 levels left

rFire    . . .     SeeInvis .   a - +0 war axe
rCold    . . .     Faith    .   c - +0 kite shield
rNeg     . . .     Spirit   .   o - +0 troll leather armour {Purgy}
rPois    .         Reflect  .   (helmet restricted)
rElec    .         Harm     .   (no cloak)
rCorr    .         Rampage  .   (no gloves)
Will     .....                  (no boots)
Stlth    +.........             (no amulet)
HPRegen  1.20/turn              (no ring)
MPRegen  0.10/turn              (no ring)

@: no status effects
A: horns 2, retaliatory headbutt
a: Renounce Religion, Heroism


You were on level 5 of the Dungeon.
You worshipped Okawaru.
Okawaru was aware of your devotion.
You visited 2 branches of the dungeon, and saw 6 of its levels.
You also visited: Sewer.

You collected 203 gold pieces.
You spent 110 gold pieces at shops.

Inventory:

Hand Weapons
 a - a +0 war axe (weapon)
 n - a +4 battleaxe
Armour
 c - a +0 kite shield (worn)
 o - a +0 troll leather armour (worn) {Purgy}
Jewellery
 u - a ring of ice
Scrolls
 e - a scroll of teleportation {unknown}
 i - a scroll of brand weapon {unknown}
 j - a scroll of noise {unknown}
 k - 3 scrolls of identify {unknown}
 m - 2 scrolls of immolation {unknown}
 p - a scroll of enchant armour {unknown}
 q - a scroll of fog {unknown}
 w - a scroll of summoning {unknown}
 y - a scroll of acquirement {unknown}
 z - a scroll of magic mapping {unknown}
Potions
 d - 2 potions of might
 f - a potion of curing
 g - 2 potions of flight {unknown}
 h - 2 potions of berserk rage
 l - 2 potions of resistance {unknown}
 r - a potion of magic {unknown}
 s - a potion of cancellation {unknown}
 t - 2 potions of haste {unknown}
 v - a potion of attraction {unknown}
 x - a potion of brilliance {unknown}


   Skills:
 + Level 4.7 Fighting
 * Level 9.2 Axes
 - Level 4.0 Armour
 - Level 3.6 Shields
 + Level 2.1 Invocations


You had 6 spell levels left.
You didn't know any spells.
Your spell library contained the following spells:

 Spells                   Type           Power      Damage    Failure   Level
 Ozocubu's Armour         Ice            0%         N/A       100%        3
 Metabolic Englaciation   Hex/Ice        0%         N/A       100%        5
 Simulacrum               Ice/Necr       0%         N/A       100%        6


Dungeon Overview and Level Annotations

Branches:
Dungeon (5/15)             Temple (1/1) D:4           Sewer (visited)

Altars:
Ashenzari
Cheibriados
Dithmenos
Kikubaaqudgha
Okawaru
Vehumet
Xom
Yredelemnul
Zin
The Shining One

Shops:
D:2 =*[   D:3 !


Innate Abilities, Weirdness & Mutations

You have a pair of horns on your head.
You reflexively headbutt those who attack you in melee.


Message History

The killer bee stings you.
* * * LOW HITPOINT WARNING * * *
The killer bee stings you.
* * * LOW HITPOINT WARNING * * *
You miss the killer bee.
The killer bee is heavily wounded.
You block the killer bee's attack. The killer bee barely misses you.
You furiously retaliate!
You headbutt the killer bee.
The killer bee stings you but does no damage.
You miss the killer bee.
The killer bee is severely wounded.
You block the killer bee's attack. x2; The killer bee stings you.
* * * LOW HITPOINT WARNING * * *
You are poisoned.
The killer bee poisons you!
You slash the killer bee!
You kill the killer bee!
Okawaru accepts your kill.
You can now gain great but temporary skills.
You feel very sick. The killer bee stings you.
* * * LOW HITPOINT WARNING * * *
Your Invocations skill increases to level 2!
You miss the killer bee. Your headbutt misses the killer bee.
You feel sick. The killer bee stings you.
* * * LOW HITPOINT WARNING * * *
The killer bee stings you.
* * * LOW HITPOINT WARNING * * *
You are lethally poisoned!
The killer bee poisons you! The killer bee barely misses you.
You feel better. You block the killer bee's attack. x2
You hit the killer bee. Your headbutt misses the killer bee.
The killer bee is lightly wounded.
The killer bee stings you!
* * * LOW HITPOINT WARNING * * *
The killer bee barely misses you. You block the killer bee's attack.
You miss the killer bee. Your headbutt misses the killer bee.
The killer bee is lightly wounded.
You block the killer bee's attack. The killer bee stings you!
You die...

.... ... ... #..
#.# #.# .## #y#
....## #@##
..#...####..####..
#<...........!....
#.#..##<####..##.#
# #.# #.# #......#
.# ##.###..# # #.
.... ## #.#


You could see a killer bee.

Vanquished Creatures
  An ice beast (D:5)
  Purgy (Sewer)
  5 killer bees (D:5)
  A hound (D:4)
  A centaur zombie (D:3)
  A jelly (D:4)
  5 orc wizards
  6 adders
  An adder skeleton (D:2)
  A worm (D:3)
  2 dart slugs
  11 orcs
  3 endoplasms
  2 giant cockroaches
  8 hobgoblins
  8 jackals
  7 quokkas
  5 ball pythons
  3 bats (D:3)
  4 frilled lizards (Sewer)
  7 goblins
  A jackal skeleton (D:4)
  3 kobolds
  7 rats
94 creatures vanquished.

Notes
Turn   | Place    | Note
-------+----------+-------------------------------------------
     0 | D:1      | Naeght the Minotaur Fighter began the quest for the Orb.
     0 | D:1      | Reached XP level 1. HP: 19/19 MP: 0/0
    63 | D:1      | Reached skill level 3 in Axes
    65 | D:1      | Reached XP level 2. HP: 19/26 MP: 1/1
   640 | D:1      | Reached skill level 4 in Axes
   716 | D:1      | Found a faded altar of an unknown god.
   878 | D:2      | Found Fuischaurch's Assorted Antiques.
   905 | D:2      | Found Zipro Botwi's Jewellery Shoppe.
   934 | D:2      | Reached XP level 3. HP: 30/31 MP: 2/2
   984 | D:2      | Found Wim Jeal's Armour Emporium.
   987 | D:2      | Found a basalt altar of Yredelemnul.
  1028 | D:2      | Reached skill level 5 in Axes
  1501 | D:2      | Reached XP level 4. HP: 18/39 MP: 3/3
  1847 | D:3      | Found Mepsyvae's Distillery.
  1858 | D:3      | Bought a potion of curing for 30 gold pieces
  1858 | D:3      | Bought a potion of curing for 30 gold pieces
  1858 | D:3      | Bought a potion of berserk rage for 50 gold pieces
  1879 | D:3      | Found a glowing drain.
  1904 | D:3      | Reached skill level 6 in Axes
  2009 | Sewer    | Entered a sewer
  2160 | Sewer    | Noticed Purgy
  2170 | Sewer    | Killed Purgy
  2171 | Sewer    | Reached skill level 7 in Axes
  2171 | Sewer    | Reached XP level 5. HP: 26/45 MP: 4/4
  2609 | D:3      | Reached XP level 6. HP: 51/51 MP: 5/5
  2683 | D:3      | Reached skill level 8 in Axes
  3535 | D:4      | Found a staircase to the Ecumenical Temple.
  3613 | Temple   | Entered the Ecumenical Temple
  3625 | Temple   | Became a worshipper of Warmaster Okawaru
  3855 | D:4      | Found a broken altar of Ashenzari.
  4401 | D:5      | Entered Level 5 of the Dungeon
  4401 | D:5      | Noticed an ice beast
  4406 | D:5      | Killed an ice beast
  4407 | D:5      | Reached skill level 1 in Invocations
  4407 | D:5      | Reached XP level 7. HP: 59/59 MP: 6/6
  4426 | D:5      | Reached skill level 9 in Axes
  4440 | D:5      | Reached * piety under Okawaru
  4444 | D:5      | Slain by a killer bee

Illustrated notes

Levels and vault maps discovered:
D:1:      kennysheep_arrival_forest, layout_basic,
          hellmonk_ecumenical_altar_leap_of_faith
D:2:      layout_basic, basic_altar, serial_shops, shop, shop_fountains, shop
D:3:      layout_loops_cross, cheibrodos_sewer_entry_drain, serial_shops,
          nicolae_square_shop, grunt_ministairs_2
D:4:      layout_loops_ring, nicolae_overflow_hidden_temple,
          minmay_temple_entry_overgrown
D:5:      layout_rooms, kennysheep_crisscross
Temple:   grunt_wide_crystal_templ

Skill      XL: |  1  2  3  4  5  6  7 |
---------------+----------------------+-----
Axes           | 3 4 5 7 8 9 |  9.2
Fighting       | 4 |  4.7
Armour         | 4 |  4.0
Invocations    | 1 2 |  2.1
Shields        | |  3.6

Action                   |  1- 3 |  4- 6 |  7- 9 || total
-------------------------+-------+-------+-------++-------
Melee: War axe           |    81 |   107 |    29 ||   217
       Headbutt          |    10 |    17 |     1 ||    28
       Battleaxe         |       |    13 |       ||    13
  Use: Potion            |       |       |     2 ||     2
Armor: Scale mail        |    49 |    27 |       ||    76
       Troll leather arm |       |    27 |    13 ||    40
Dodge: Dodged            |    18 |    36 |    11 ||    65
Block: Kite shield       |    49 |    50 |    30 ||   129
